 Dungeon Sprint DCSS version 0.29.1-2-gbd0b4ee654 (webtiles) character file.

Game seed: 1825294518923664169

1271 Zeld the Cleaver (level 8, -4/80 HPs)
             Began as a Minotaur Berserker on Oct 23, 2022.
             Was a Priest of Trog.
             Slain by Sonja
             ... wielding a +1 short sword of distortion
              (8 damage)
             ... in the Dungeon (Sprint I: "Red Sonja").
             The game lasted 00:01:13 (944 turns).

Zeld the Cleaver (Minotaur Berserker)                Turns: 944, Time: 00:01:13

Health: -4/80      AC:  2    Str: 23    XL:     8   Next: 28%
Magic:  7/7        EV: 15    Int:  4    God:    Trog [***...]
Gold:   191        SH:  0    Dex: 11    Spells: 7/7 levels left

rFire   . . .      SeeInvis .   a - +0 hand axe
rCold   . . .      Faith    .   (no shield)
rNeg    . . .      Spirit   .   b - +0 animal skin
rPois   .          Reflect  .   (helmet restricted)
rElec   .          Harm     .   (no cloak)
rCorr   .          Rampage  .   (no gloves)
Will    ++...      NoTele   +   (no boots)
Stlth   +.........              (no amulet)
HPRegen 1.23/turn               (no ring)
MPRegen 0.10/turn               (no ring)

@: lethally poisoned (-4 -> -11), strong-willed, regenerating, slowed, very slow
A: horns 2, retaliatory headbutt
a: Renounce Religion, Berserk, Trog's Hand


You were in the Dungeon.
You worshipped Trog.
Trog was most pleased with you.
You visited 1 branch You collected 418 gold pieces.
You spent 227 gold pieces at shops.

Inventory:

Hand Weapons
 a - a +0 hand axe (weapon)
Armour
 b - a +0 animal skin (worn)
Wands
 i - a wand of flame (21)
Scrolls
 h - a scroll of blinking
 j - 4 scrolls of identify
Potions
 e - a potion of haste
 f - 2 potions of magic
 g - a potion of berserk rage


   Skills:
 + Level 10.5 Fighting
 * Level 14.2 Axes
 + Level 10.2 Armour
 + Level 9.3 Dodging


You had 7 spell levels left.
You didn't know any spells.
Your spell library was empty.

Dungeon Overview and Level Annotations

Branches:
Dungeon (1/1)

Altars:
Cheibriados
Dithmenos
Elyvilon
Fedhas
Gozag
Hepliaklqana
Kikubaaqudgha
Makhleb
Nemelex Xobeh
Okawaru
Qazlal
Ru
Sif Muna
Trog
Uskayaw
Vehumet
Wu Jian
Xom
Yredelemnul
Zin
The Shining One
Jiyva
Lugonu

Shops:
D ?

Annotations:
D Sonja


Innate Abilities, Weirdness & Mutations

You have a pair of horns on your head.
You reflexively headbutt those who attack you in melee.


Message History

Your rat's corpse dissolves into shadows!
Your giant cockroach barely misses Sonja.
Your kobold closely misses Sonja.
Okay, then.
You feel better.
Sonja mumbles some strange words.
Sonja blinks!
Sonja throws a curare-tipped dart.
The curare-tipped dart barely misses your kobold.
The curare-tipped dart hits you.
You are poisoned.
You have difficulty breathing.
* * * LOW HITPOINT WARNING * * *
You feel as though you will be slow longer.
Okay, then.
Unknown command.
Your skin crawls.
You feel strong-willed.
You feel very sick.
Sonja throws a curare-tipped dart.
The curare-tipped dart closely misses your kobold.
The curare-tipped dart misses your giant cockroach.
The curare-tipped dart hits you.
You are more poisoned.
You have difficulty breathing.
* * * LOW HITPOINT WARNING * * *
You feel as though you will be slow longer.
Sonja throws a curare-tipped dart.
The curare-tipped dart barely misses your kobold.
The curare-tipped dart hits your giant cockroach.
Your giant cockroach is poisoned.
Your giant cockroach convulses.
Your giant cockroach dies!
Your giant cockroach's corpse dissolves into shadows!
Sonja casts a spell.
Sonja blinks!
Unknown command.
Unknown command.
* * * LOW HITPOINT WARNING * * *
You feel extremely sick.
Sonja hits you with a +1 short sword of distortion!
You die...

##########################
#<.#..)..#..'..#__#..')..#
#..)..#..').#..'..'..#)..#
#..#####'#####'#__####...+
#..####..#...#)#### #####
#..#__####..##@#
#..#_____##'#K.+
#⌠⌠#_.∩§..K..._#
####_..__##_.#'#
#_____###'#.# #######
#.### $.$ $.$ ##.##


You could see Sonja.

Vanquished Creatures
  2 kobold demonologists (D)
  A slime creature (D)
  Sigmund (D)
  A yak (D)
  A floating eye (D)
  An ogre (D)
  A jelly (D)
  Ijyb (D)
9 creatures vanquished.

Notes
Turn   | Place    | Note
-------+----------+-------------------------------------------
     0 | D        | Zeld the Minotaur Berserker began the quest for the Orb.
     0 | D        | Reached XP level 1. HP: 19/19 MP: 0/0
     2 | D        | Noticed Ijyb
     9 | D        | Killed Ijyb
    10 | D        | Reached skill level 5 in Axes
    10 | D        | Reached XP level 2. HP: 12/28 MP: 1/1
   217 | D        | Noticed an ogre
   221 | D        | Killed an ogre
   222 | D        | Reached skill level 7 in Axes
   222 | D        | Reached skill level 5 in Armour
   222 | D        | Reached XP level 3. HP: 37/37 MP: 2/2
   222 | D        | Reached XP level 4. HP: 44/44 MP: 3/3
   312 | D        | Noticed Sigmund
   318 | D        | Killed Sigmund
   318 | D        | Reached ** piety under Trog
   319 | D        | Reached skill level 10 in Axes
   319 | D        | Reached XP level 5. HP: 52/52 MP: 4/4
   480 | D        | Found a burning altar of Makhleb.
   480 | D        | Found a viscous altar of Jiyva.
   480 | D        | Found a shimmering altar of Xom.
   480 | D        | Found a corrupted altar of Lugonu.
   480 | D        | Noticed a slime creature
   488 | D        | Killed a slime creature
   489 | D        | Reached skill level 11 in Axes
   489 | D        | Reached XP level 6. HP: 62/62 MP: 5/5
   530 | D        | Found an ornate altar of the Wu Jian Council.
   530 | D        | Found a shimmering blue altar of Sif Muna.
   532 | D        | Found a radiant altar of Vehumet.
   656 | D        | Found Daituujo's Magic Scroll Emporium.
   656 | D        | Found an ancient bone altar of Kikubaaqudgha.
   656 | D        | Found a hazy altar of Hepliaklqana.
   656 | D        | Found a hide-covered altar of Uskayaw.
   656 | D        | Found a basalt altar of Yredelemnul.
   656 | D        | Found an opulent altar of Gozag.
   656 | D        | Found a snail-covered altar of Cheibriados.
   656 | D        | Found a sacrificial altar of Ru.
   656 | D        | Found a shadowy altar of Dithmenos.
   656 | D        | Noticed a yak
   657 | D        | Found a stormy altar of Qazlal.
   657 | D        | Found a blossoming altar of Fedhas.
   657 | D        | Found a bloodstained altar of Trog.
   657 | D        | Found an iron altar of Okawaru.
   657 | D        | Found a glowing golden altar of the Shining One.
   657 | D        | Found a glowing silver altar of Zin.
   657 | D        | Found a white marble altar of Elyvilon.
   662 | D        | Killed a yak
   663 | D        | Reached skill level 12 in Axes
   663 | D        | Reached XP level 7. HP: 70/70 MP: 6/6
   663 | D        | Found a sparkling altar of Nemelex Xobeh.
   696 | D        | Bought a scroll of identify for 26 gold pieces
   696 | D        | Bought a scroll of identify for 26 gold pieces
   696 | D        | Bought a scroll of identify for 26 gold pieces
   696 | D        | Bought a scroll of identify for 26 gold pieces
   696 | D        | Bought a scroll of summoning for 123 gold pieces
   868 | D        | Noticed a kobold demonologist
   869 | D        | Noticed a kobold demonologist
   877 | D        | Killed a kobold demonologist
   877 | D        | Reached *** piety under Trog
   878 | D        | Reached skill level 10 in Fighting
   878 | D        | Reached skill level 13 in Axes
   879 | D        | Killed a kobold demonologist
   880 | D        | Reached skill level 14 in Axes
   880 | D        | Reached skill level 10 in Armour
   880 | D        | Reached XP level 8. HP: 80/80 MP: 7/7
   936 | D        | Noticed Sonja
   944 | D        | HP: 4/80 [poisoned by Sonja (curare-tipped dart)]
   944 | D        | Slain by Sonja

Illustrated notes

Levels and vault maps discovered:
D:        dungeon_sprint_1 [red_sonja_temple_1, red_sonja_temple_small_1]

Skill      XL: |  1  2  3  4  5  6  7 |
---------------+----------------------+-----
Fighting       | 4 6 7 8 9 10 | 10.5
Axes           | 5 7 10 11 12 14 | 14.2
Armour         | 3 5 7 8 10 | 10.2
Dodging        | 3 4 6 7 8 9 |  9.3

Action                   |  1- 3 |  4- 6 |  7- 9 || total
-------------------------+-------+-------+-------++-------
Melee: Hand axe          |     7 |    16 |     9 ||    32
       Headbutt          |     1 |     6 |     1 ||     8
Invok: Berserk           |     2 |     3 |     2 ||     7
       Trog's Hand       |       |       |     1 ||     1
Evoke: Wand              |       |       |     1 ||     1
  Use: Potion            |       |       |     2 ||     2
       Scroll            |       |       |     1 ||     1
Armor: Animal skin       |       |     1 |       ||     1
Dodge: Dodged            |       |     4 |     6 ||    10
